 Dungeon Crawl Stone Soup version bcrawl-1.15.1 (webtiles) character file.

Game seed: 14419350819541369469

90 Chiseanne the Cutter (level 4, -4/33 HPs)
             Began as a Mummy Archaeologist on Sept 28, 2019.
             Slain by a hippogriff (6 damage)
             ... on level 3 of the Dungeon.
             The game lasted 00:02:48 (1794 turns).

Chiseanne the Cutter (Mummy Archaeologist)          Turns: 1794, Time: 00:02:49

Health: -4/33      AC:  8    Str: 14    XL:     4   Next: 32%
Magic:  4/4        EV: 11    Int: 13    God:
Gold:   80         SH:  0    Dex: 11    Spells: 3/3 levels left

rFire    x . .     SeeInvis .   m - +3 short sword
rCold    + . .     Gourm    .   (no shield)
rNeg     + + +     Faith    .   a - +0 ring mail
rPois    ∞         Spirit   .   c - +1 hat
rElec    .         Reflect  .   (no cloak)
rCorr    .         Harm     .   (no gloves)
MR       .....     Clarity  +   d - +1 pair of boots
Stlth    +.........             (no amulet)
HPRegen  0.11/turn              (no ring)
MPRegen  0.09/turn              (no ring)

@: studying Short Blades
A: no food or potions, fire vulnerability, clarity, cold resistance 1, negative
energy resistance 3, torment resistance, unbreathing
a: no special abilities


You were on level 3 of the Dungeon.
You were not hungry.

You visited 1 branch of the dungeon, and saw 3 of its levels.

You collected 80 gold pieces.

Inventory:

Hand Weapons
 m - a +3 short sword (weapon)
Missiles
 g - 617 stones (quivered)
 j - 327 sling bullets
 k - 143 arrows
Armour
 a - a +0 ring mail (worn)
 c - a +1 hat (worn)
 d - a +1 pair of boots (worn)
Jewellery
 h - a +3 ring of evasion {unknown}
Scrolls
 b - 2 scrolls of teleportation {unknown}
 i - a scroll of fear
Books
 e - a manual of Short Blades
Miscellaneous
 f - an ancient crate


   Skills:
 - Level 2.1 Fighting
 + Level 3.3 Short Blades
   Level 0.7 Maces & Flails
 - Level 0.3 Armour
 - Level 2.9 Dodging
 - Level 2.6 Stealth


You had 3 spell levels left.
You didn't know any spells.
Your spell library was empty.

Dungeon Overview and Level Annotations

Branches:
Dungeon (3/12)

Altars:


Innate Abilities, Weirdness & Mutations

You do not eat or drink.
Your flesh is vulnerable to fire.
You are immune to poison.
You possess an exceptional clarity of mind.
Your flesh is cold resistant. (rC+)
You are immune to negative energy. (rN+++)
You are immune to unholy pain and torment.
You can survive without breathing.


Message History

The hippogriff closely misses you. The hippogriff pecks you.
The hippogriff claws you.
* * * LOW HITPOINT WARNING * * *
You hit the hippogriff.
The hippogriff is severely wounded.
The hippogriff closely misses you. The hippogriff pecks you.
* * * LOW HITPOINT WARNING * * *
The hippogriff closely misses you.
You hit the hippogriff.
The hippogriff is almost dead.
The hippogriff bites you but does no damage.
The hippogriff pecks you.
* * * LOW HITPOINT WARNING * * *
The hippogriff claws you but does no damage.
You closely miss the hippogriff.
The hippogriff is almost dead.
You hit the hippogriff.
The hippogriff is almost dead.
The hippogriff bites you.
You die...

#...<#
#.#### #.#
#.# #.#
#.# # #.#
# #.#
#.#.#.#
#.# .#.#.
#.# ...
#.# #H#
#.######@#
#......#.#
#####.##.#
#.##.#
#.##.#
###.##.#
#...##.#
#.####.#
#......#


You could see a hippogriff.

Vanquished Creatures
  An ooze (D:2)
  2 worms (D:2)
  2 dart slugs (D:2)
  4 leopard geckos
  4 orcs (D:2)
  2 ball pythons
  4 giant cockroaches
  4 goblins
  11 hobgoblins
  5 jackals (D:1)
  A quokka (D:3)
  5 bats
  5 frilled lizards
  6 kobolds
  4 rats
60 creatures vanquished.

Notes
Turn   | Place    | Note
-------+----------+-------------------------------------------
     0 | D:1      | Chiseanne the Mummy Archaeologist began the quest for the
                  | Orb.
     0 | D:1      | Reached XP level 1. HP: 15/15 MP: 1/1
   196 | D:1      | Reached XP level 2. HP: 9/21 MP: 2/2
   687 | D:1      | Reached XP level 3. HP: 27/27 MP: 3/3
  1019 | D:2      | Reached skill level 1 in Short Blades
  1196 | D:2      | Reached skill level 2 in Short Blades
  1423 | D:2      | Reached XP level 4. HP: 25/33 MP: 4/4
  1451 | D:2      | Reached skill level 3 in Short Blades
  1776 | D:3      | Noticed a hippogriff
  1794 | D:3      | Slain by a hippogriff

Skill      XL: |  1  2  3  4 |
---------------+-------------+-----
Fighting       | 2 |  2.1
Short Blades   | 2 3 |  3.3
Maces & Flails | |  0.7
Armour         | |  0.3
Dodging        | |  2.9
Stealth        | |  2.6

Action                   |  1- 3 |  4- 6 || total
-------------------------+-------+-------++-------
Melee: Whip              |    67 |       ||    67
       Mace              |    69 |       ||    69
       Short sword       |    63 |    57 ||   120
  Use: Scroll            |     4 |       ||     4
 Stab: Sleeping          |     1 |     1 ||     2
Armor: Robe              |    52 |       ||    52
       Ring mail         |    67 |    39 ||   106
Dodge: Dodged            |   155 |    34 ||   189
